 Dungeon Crawl Stone Soup version 0.30-a0-458-g86641cc369 (webtiles) character file.

Game seed: 4659143691347143252

17094 Majang the Thaumaturge (level 12, -1/71 HPs)
             Began as a Gargoyle Earth Elementalist on Dec 13, 2022.
             Was an Elder of Vehumet.
             Slain by a redback (14 damage)
             ... in a Gauntlet on Dec 14, 2022.
             The game lasted 01:00:47 (13236 turns).

Majang the Thaumaturge (GrEE)                      Turns: 13236, Time: 01:00:48

Health: -1/71      AC: 16    Str: 13    XL:     12   Next: 44%
Magic:  9/26       EV: 13    Int: 26    God:    Vehumet [****..]
Gold:   1391       SH:  0    Dex: 10    Spells: 18/32 levels left

rFire   . . .      SeeInvis .    a - +0 quarterstaff (venom)
rCold   + + .      Faith    .    (shield currently unavailable)
rNeg    + . .      Spirit   .    z - +1 robe {rC+}
rPois   ∞          Reflect  .    (no helmet)
rElec   +          Harm     .    x - +0 cloak
rCorr   .          Rampage  .    D - +1 pair of gloves
Will    .....      NoTele   +    n - +0 pair of boots
Stlth   ++........               (no amulet)
HPRegen 0.31/turn                q - ring of protection from cold
MPRegen 0.20/turn                J - +6 ring of intelligence

@: very slightly contaminated, studying 2 skills
A: sickness immunity, AC +8, negative energy resistance 1, electricity
resistance, torment resistance 1, petrification resistance
a: Renounce Religion


You were in a Gauntlet.
You worshipped Vehumet.
Vehumet was greatly pleased with you.
You visited 3 branches of the dungeon, and saw 13 of its levels.
You also visited: Ossuary, Bailey and Gauntlet.

You collected 1391 gold pieces.

Inventory:

Hand Weapons
 a - a +0 quarterstaff of venom (weapon)
 R - a +4 demon whip of pain
Missiles
 s - 4 throwing nets
Armour
 n - a +0 pair of boots (worn)
 w - a +0 robe
 x - a +0 cloak (worn)
 z - a +1 robe of cold resistance (worn)
 D - a +1 pair of gloves (worn)
 G - a +0 troll leather armour
Jewellery
 g - a +6 ring of dexterity
 q - a ring of protection from cold (left hand)
 y - a ring of wizardry
 J - a +6 ring of intelligence (right hand)
 S - a ring of flight
Wands
 d - a wand of polymorph (6)
 p - a wand of flame (8)
 A - a wand of roots (3)
 M - a wand of digging (4)
 N - a wand of mindburst (4)
 Q - a wand of paralysis (5)
Scrolls
 c - 7 scrolls of teleportation
 f - 2 scrolls of magic mapping
 t - a scroll of poison
 v - a scroll of silence
 C - 3 scrolls of identify
 F - a scroll of immolation
 I - 2 scrolls of fog
 O - 2 scrolls of enchant armour
Potions
 b - a potion of magic
 e - a potion of heal wounds
 h - a potion of resistance
 i - 2 potions of ambrosia
 j - 3 potions of cancellation
 k - 5 potions of lignification
 l - 3 potions of curing
 o - 2 potions of might
 r - 2 potions of mutation
 u - 4 potions of flight
 B - 3 potions of attraction
 K - a potion of berserk rage
 P - a potion of brilliance
Miscellaneous
 H - a lightning rod (2/4)
 L - a phantom mirror


   Skills:
 + Level 6.3 Fighting
 + Level 5.8 Staves
 + Level 4.4 Armour
 + Level 5.2 Dodging
 - Level 2.1 Stealth
 * Level 10.6 Spellcasting
 + Level 8.3 Conjurations
 - Level 0.7 Transmutations
 + Level 10.1 Earth Magic
 + Level 5.3 Evocations


You had 18 spell levels left.
You knew the following spells:

 Your Spells              Type           Power      Damage    Failure   Level
a - Sandblast             Erth           100%       2d20      1%          1
b - Stone Arrow           Conj/Erth      100%       3d13      1%          3
i - Iron Shot             Conj/Erth      29%        9d6       4%          6
m - Iskenderun's Mystic   Conj/Tloc      35%        2d8       2%          4

Your spell library contained the following spells:

 Spells                   Type           Power      Damage    Failure   Level
 Dazzling Flash           Conj/Hex       70%        N/A       1%          3
 Passwall                 Tmut/Erth      35%        N/A       1%          2
 Iskenderun's Battlesphe  Conj           54%        2d10      1%          5
 Beastly Appendage        Tmut           34%        N/A       3%          1
 Ignite Poison            Fire/Tmut/Pois 15%        N/A       3%          3
 Kindle Blastsparks       Fire/Tloc/Air  26%        2d12      3%          3
 Petrify                  Tmut/Erth      42%        N/A       4%          4
 Animate Armour           Summ/Erth      80%        N/A       5%          4
 Irradiate                Conj/Tmut      18%        3d17      5%          5
 Freezing Cloud           Conj/Ice/Air   14%        6-21      11%         5
 Ozocubu's Armour         Ice            13%        N/A       13%         3
 Summon Guardian Golem    Hex/Summ       13%        N/A       13%         3
 Tukima's Dance           Hex            13%        N/A       13%         3
 Vhi's Electric Charge    Tloc/Air       26%        N/A       13%         3
 Yara's Violent Unravell  Hex/Tmut       7%         3d5       26%         5
 Orb of Destruction       Conj           27%        9d9       30%         7
 Anguish                  Hex/Necr       6%         N/A       41%         4
 Passage of Golubria      Tloc           13%        N/A       41%         4
 Silence                  Hex/Air        6%         N/A       77%         5
 Eringya's Noxious Bog    Tmut/Pois      7%         N/A       78%         6
 Spellforged Servitor     Conj/Summ      17%        N/A       82%         7
 Lehudib's Crystal Spear  Conj/Erth      29%        10d8      82%         8
 Enfeeble                 Hex            6%         N/A       100%        7
 Ozocubu's Refrigeration  Ice            6%         4d8       100%        7
 Necromutation            Tmut/Necr      7%         N/A       100%        8
 Chain Lightning          Conj/Air       17%        3d23      100%        9


Dungeon Overview and Level Annotations

Branches:
Dungeon (10/15)            Temple (1/1) D:4            Lair (2/5) D:10
  Swamp (0/4) Lair:2          Orc (0/2) D:10        Ossuary (visited)
 Bailey (visited)         Gauntlet (1/1)
  Snake: Lair:2-3    Spider: Lair:2-3

Altars:
Ashenzari
Cheibriados
Dithmenos
Elyvilon
Fedhas
Gozag
Hepliaklqana
Kikubaaqudgha
Makhleb
Nemelex Xobeh
Okawaru
Qazlal
Ru
Sif Muna
Trog
Uskayaw
Vehumet
Wu Jian
Xom
Yredelemnul
Zin
The Shining One

Annotations:
Gauntlet 9 transporters, exclusion: lightning spire


Innate Abilities, Weirdness & Mutations

You are immune to sickness and miasma.
Your stone body is resilient. (AC +8)
You are immune to poison.
You resist negative energy. (rN+)
You are resistant to electric shocks. (rElec)
You are resistant to unholy torment.
You are immune to petrification.


Message History

Aiming: Fastroot
Press: ? - help, Shift-Dir - straight line, f - redback
Aim: a redback (berserk)
Okay, then.
Aiming: Mindburst
Press: ? - help, Shift-Dir - straight line, f - redback
Aim: a redback (berserk, chance to affect: 82%)
The redback's mind is blasted!
The redback bites you! x2
Unknown command.
As you read the scroll of fear, it crumbles to dust.
You assume a fearsome visage.
The redback looks frightened!
The redback is unaffected. x2; The redback looks frightened!
The redback bites you but does no damage.
The redback bites you. The redback closely misses you.
Casting: Iron Shot (dangerous; 4% risk of failure)
Confirm with . or Enter, or press ? or * to list all spells.
Aiming: Iron Shot (dangerous; 4% risk of failure)
Press: ? - help, Shift-Dir - straight line, f - moth of wrath, p - redback
Aim: a moth of wrath (severely wounded, 71% to hit)
The iron shot hits the redback!!
You kill the redback!
Vehumet accepts your kill. The redback bites you.
* * * LOW HITPOINT WARNING * * *
Casting: Iron Shot (dangerous; 4% risk of failure)
Confirm with . or Enter, or press ? or * to list all spells.
Aiming: Iron Shot (dangerous; 4% risk of failure)
Press: ? - help, Shift-Dir - straight line, f/p - moth of wrath
Aim: a moth of wrath (severely wounded, 71% to hit)
You miscast Iron Shot.
You are very lightly contaminated with residual magic.
Rocks fall onto you out of nowhere. The redback bites you!
* * * LOW HITPOINT WARNING * * *
The redback bites you!
* * * LOW HITPOINT WARNING * * *
Cornered, the redback turns to fight!
You feel much better. The redback bites you!
* * * LOW HITPOINT WARNING * * *
The redback barely misses you. The redback bites you!
You die...

.8..# ###############
...####§#§#§#§#≈#≈#≈##
####§#.§§.§§§........##
............8......8.≈#
.....8...............##
.......###########...≈#
####...#..=[©.)..#...##
|Zk#...#..#...#..#...≈#
.ZZ#...#.#######@#..§##
##.#...##..#.#.s##..§§#
...#.8.#....©..y.#.8§##
##.#...##..#.#..##...≈#
...#...#.##...##.#...##
...#...#..#..s#..#...§#
####...#...#.#...#...##
.#.....###########...≈#
.#........#.©.#......##


You could see a moth of wrath and 2 redbacks.

Vanquished Creatures
  A balrug (Gauntlet)
  Fannar (D:10)
  Amaemon (D:9)
  An obsidian statue (D:10)
  Pikel (D:7)
  Maurice (D:8)
  A black mamba (Lair:1)
  2 cane toads
  A komodo dragon (Lair:1)
  A rime drake (Lair:1)
  A troll (D:9)
  A queen bee (D:7)
  Prince Ribbit (D:9)
  A hornet (D:10)
  Sigmund (D:3)
  3 wyverns
  A wraith (D:10)
  11 yaks
  Grum (D:8)
  A redback (Gauntlet)
  3 basilisks
  2 wargs (D:10)
  2 acid dragons
  2 hell hounds (Gauntlet)
  4 water moccasins
  3 ice beasts
  4 orc warriors
  A sky beast (D:8)
  2 black bears (D:6)
  14 wolves
  The ghost of daodarkstar the Trooper, an amateur DsFi (D:7)
  A centaur (D:10)
  A lemure (D:7)
  2 phantoms
  A kobold brigand (D:8)
  4 necrophages
  9 bullfrogs
  8 gnoll sergeants (Bailey)
  2 scorpions
  11 wights
  6 killer bees (D:7)
  4 howler monkeys
  A lava snake (D:8)
  4 hounds
  5 gnoll boudas (Bailey)
  7 orc priests
  A jelly (D:6)
  Ijyb (D:3)
  2 iguanas
  6 orc wizards
  8 mummies (Ossuary)
  15 gnolls
  4 adders
  2 shadow imps
  A white imp (D:6)
  An ufetubus (D:7)
  2 worms (D:2)
  2 dart slugs
  30 orcs
  8 endoplasms
  3 giant cockroaches
  12 hobgoblins
  12 kobolds
  3 quokkas
  5 ball pythons
  5 bats
  10 goblins
  3 hobgoblin zombies (Ossuary)
  4 kobold zombies (Ossuary)
  An orc zombie (Ossuary)
  A rat (D:1)
279 creatures vanquished.

Vanquished Creatures (collateral kills)
  A boulder beetle (D:9)
  A two-headed ogre (D:9)
  An orange demon (D:9)
  An orc warrior (D:9)
  An orc wizard (D:9)
  3 orcs (D:9)
8 creatures vanquished.

Vanquished Creatures (others)
  3 fungi (Lair:2)
  6 plants
9 creatures vanquished.

Grand Total: 296 creatures vanquished

Notes
Turn   | Place    | Note
-------+----------+-------------------------------------------
     0 | D:1      | Majang the Gargoyle Earth Elementalist began the quest for
                  | the Orb.
     0 | D:1      | Reached XP level 1. HP: 10/10 MP: 3/3
   254 | D:1      | Reached XP level 2. HP: 15/15 MP: 3/5
   574 | D:1      | Found a faded altar of an unknown god.
   668 | D:1      | Reached XP level 3. HP: 19/19 MP: 5/7
  1301 | D:1      | Upgraded the game from 0.30-a0-457-g4b7bca3bfa to
                  | 0.30-a0-458-g86641cc369
  1365 | D:2      | Learned a level 3 spell: Stone Arrow
  1988 | D:3      | Reached skill level 1 in Conjurations
  1988 | D:3      | Reached XP level 4. HP: 18/24 MP: 2/9
  2317 | D:3      | Noticed Ijyb
  2332 | D:3      | Noticed Sigmund
  2359 | D:3      | Killed Ijyb
  2360 | D:3      | Reached XP level 5. HP: 10/28 MP: 4/10
  3055 | D:4      | Noticed a phantom
  3093 | D:4      | Found a staircase to the Ecumenical Temple.
  3105 | Temple   | Entered the Ecumenical Temple
  3105 | Temple   | Found a transporter.
  3105 | Temple   | Found a transporter.
  3109 | Temple   | Killed a phantom
  3110 | Temple   | Reached skill level 5 in Earth Magic
  3110 | Temple   | Reached XP level 6. HP: 27/32 MP: 7/12
  3143 | Temple   | Found a transporter.
  3143 | Temple   | Found a transporter.
  3154 | Temple   | Became a worshipper of Vehumet
  3176 | D:4      | Got Texuzog's Papyrus of the Lungs
  3455 | D:4      | Reached skill level 5 in Spellcasting
  3578 | D:4      | Reached XP level 7. HP: 36/36 MP: 10/14
  3759 | D:5      | Entered Level 5 of the Dungeon
  4135 | D:5      | Found a sacrificial altar of Ru.
  4589 | D:5      | Reached * piety under Vehumet
  4589 | D:5      | Offered knowledge of Shock by Vehumet.
  4824 | D:6      | Reached XP level 8. HP: 41/41 MP: 15/17
  4943 | D:3      | Killed Sigmund
  5265 | D:6      | Reached skill level 5 in Conjurations
  5721 | D:7      | Noticed Pikel
  5751 | D:7      | Noticed a wyvern
  5753 | D:7      | Killed a wyvern
  5754 | D:7      | Reached skill level 1 in Fighting
  5754 | D:7      | Reached skill level 1 in Staves
  5754 | D:7      | Reached skill level 1 in Evocations
  5754 | D:7      | Reached XP level 9. HP: 47/47 MP: 12/20
  5805 | D:7      | Found a sand-covered staircase.
  5809 | Ossuary  | Entered an ossuary
  5932 | Ossuary  | Offered knowledge of Searing Ray by Vehumet.
  6433 | D:7      | Killed Pikel
  6625 | D:7      | Reached ** piety under Vehumet
  6675 | D:7      | Noticed a queen bee
  6689 | D:7      | Noticed daodarkstar's ghost (amateur DsFi)
  6708 | D:7      | Found a transporter.
  6722 | D:7      | Found a transporter.
  7433 | D:8      | Noticed Maurice
  7456 | D:8      | Killed Maurice
  7457 | D:8      | Reached XP level 10. HP: 42/56 MP: 14/22
  7638 | D:8      | Noticed Grum
  7805 | D:8      | Killed Grum
  7889 | D:8      | Found a shimmering altar of Xom.
  7929 | D:8      | Offered knowledge of Momentum Strike by Vehumet.
  8652 | D:8      | Identified the +2 trident "Odaditta" {drain, Fly rPois
                  | rCorr}
  8716 | D:8      | Found a hide-covered altar of Uskayaw.
  9081 | D:9      | Noticed Prince Ribbit
  9084 | D:9      | Killed Prince Ribbit
  9272 | D:9      | Noticed Amaemon
  9274 | D:9      | Noticed an orange demon
  9278 | D:9      | Killed Amaemon
  9278 | D:9      | Noticed a boulder beetle
  9279 | D:9      | Reached skill level 1 in Armour
  9280 | D:9      | Noticed a two-headed ogre
  9281 | D:9      | Found a stormy altar of Qazlal.
  9282 | D:9      | Killed an orange demon
  9283 | D:9      | Reached XP level 11. HP: 62/62 MP: 17/24
  9284 | D:9      | Killed a boulder beetle
  9284 | D:9      | Reached *** piety under Vehumet
  9287 | D:9      | Killed a two-headed ogre
  9307 | D:9      | Found a shadowy altar of Dithmenos.
  9471 | D:9      | Reached skill level 5 in Fighting
  9844 | D:7      | Killed daodarkstar's ghost
  9997 | D:10     | Entered Level 10 of the Dungeon
  9997 | D:10     | Noticed Joseph
  9999 | D:10     | Joseph changed into Joseph the wyvern
  9999 | D:10     | Noticed Joseph
 10001 | D:10     | Killed Joseph the wyvern
 10001 | D:10     | Offered knowledge of Iskenderun's Mystic Blast by Vehumet.
 10045 | D:10     | Learned a level 4 spell: Iskenderun's Mystic Blast
 10062 | D:10     | Found a flagged portal.
 10097 | Bailey   | Entered a bailey
 10426 | Bailey   | Got the Atlas of Forceful Reformation
 10479 | Bailey   | Reached **** piety under Vehumet
 10668 | Bailey   | Learned a level 6 spell: Iron Shot
 10799 | D:10     | Offered knowledge of Dazzling Flash by Vehumet.
 10899 | D:10     | Found a staircase to the Lair.
 10918 | D:10     | Reached skill level 5 in Staves
 10994 | D:10     | Found a staircase to the Orcish Mines.
 11074 | D:10     | Noticed Fannar
 11088 | D:10     | Killed Fannar
 11089 | D:10     | Reached skill level 10 in Spellcasting
 11213 | D:10     | Noticed an obsidian statue
 11218 | D:10     | Killed an obsidian statue
 11571 | Lair:1   | Entered Level 1 of the Lair of Beasts
 11714 | Lair:1   | Reached XP level 12. HP: 46/69 MP: 13/26
 12045 | Lair:1   | Found an opulent altar of Gozag.
 12151 | Lair:1   | Reached skill level 5 in Evocations
 12670 | Lair:2   | Found a staircase to the Swamp.
 12733 | Lair:2   | Reached skill level 5 in Dodging
 12860 | Lair:2   | Reached skill level 10 in Earth Magic
 12937 | Lair:2   | Found a gate leading to a gauntlet.
 12945 | Gauntlet | Entered a Gauntlet
 12945 | Gauntlet | Found a transporter.
 12948 | Gauntlet | Found a transporter.
 12951 | Gauntlet | Noticed a balrug
 12952 | Gauntlet | Found a transporter.
 12953 | Gauntlet | Found a transporter.
 12953 | Gauntlet | Found a transporter.
 12954 | Gauntlet | Found a transporter.
 12966 | Gauntlet | Found a transporter.
 12990 | Gauntlet | Noticed a wretched star
 12996 | Gauntlet | Found a transporter.
 12996 | Gauntlet | Found a transporter.
 12999 | Gauntlet | Found a transporter.
 13026 | Gauntlet | Noticed a reaper
 13032 | Gauntlet | Found a transporter.
 13065 | Gauntlet | Found a transporter.
 13120 | Gauntlet | Killed a balrug
 13235 | Gauntlet | HP: 3/71 [redback (7)]
 13236 | Gauntlet | Slain by a redback

Illustrated notes

Levels and vault maps discovered:
D:1:      amcnicky_arrival_flooded_fountain, layout_loops_corners,
          hellmonk_ecumenical_altar_pennies_from_heaven, nrook_loot_triangle,
          st_stairs_2
D:2:      layout_rooms
D:3:      layout_basic, uniq_ijyb, uniq_sigmund
D:4:      nicolae_cairo_tiling_very_big, layout_rooms,
          minmay_temple_entry_offerings, minmay_diced_spiral
D:5:      layout_loops_ring, mainiacjoe_overflow_cross_hatched,
          corexii_checkpoint_b
D:6:      layout_rooms, chequers_mini_garden
D:7:      nicolae_cairo_tiling_large_dashed, layout_gridville, enter_ossuary_5,
          gammafunk_ghost_hive, uniq_pikel
D:8:      layout_basic, nicolae_uskayaw_suspiria, xom_teletrap_fun, uniq_grum,
          uniq_maurice
D:9:      layout_basic, grunt_dithmenos_smoke_and_mirrors, grunt_qazlal_clouds,
          nicolae_concentric_dashed_squares_wild, uniq_amaemon,
          uniq_prince_ribbit1
D:10:     layout_big_octagon, erik_lair_orcish_takeover, orc_0_dummy,
          enter_bailey_4, chequers_serial_rivers_room_b, minivault_16,
          uniq_joseph, uniq_fannar
Temple:   hellmonk_temple_divided_pantheon
Lair:1:   layout_regular_city, basic_altar, infiniplex_staircase_pool_2,
          grunt_megastairs_2
Lair:2:   layout_roguey, swamp_mist, dummy_snake_entry, gauntlet_entry_generic,
          minivault_26
Gauntlet: minmay_gauntlet_mixed_oops_all_seconds
          [minmay_gauntlet_arena_77_braids, nicolae_gauntlet_arena_blocks,
          minmay_gauntlet_arena_77_double_cross,
          gammafunk_gauntlet_arena_chambers,
          minmay_gauntlet_arena_77_chump_sandwich,
          gammafunk_gauntlet_arena_split_diamond, gauntlet_exit_watery]

Skill      XL: |  1  2  3  4  5  6  7  8  9 10 11 12 |
---------------+-------------------------------------+-----
Earth Magic    | 4 5 6 7 8 9 10 | 10.1
Spellcasting   | 3 4 5 6 7 8 9 10 | 10.6
Conjurations   | 1 2 3 4 5 6 7 8 |  8.3
Fighting       | 1 3 4 5 6 |  6.3
Staves         | 1 3 4 5 |  5.8
Evocations     | 1 2 3 4 5 |  5.3
Dodging        | 3 4 5 |  5.2
Armour         | 1 3 4 |  4.4
Stealth        | |  2.1
Transmutations | |  0.7

Action                   |  1- 3 |  4- 6 |  7- 9 | 10-12 || total
-------------------------+-------+-------+-------+-------++-------
Melee: Dagger            |     5 |       |       |       ||     5
       Club              |    13 |       |       |       ||    13
       Spear             |       |     6 |     5 |    46 ||    57
       Unarmed           |       |       |     1 |       ||     1
       Quarterstaff      |       |       |       |     6 ||     6
 Cast: Sandblast         |    54 |    59 |   155 |   217 ||   485
       Stone Arrow       |       |     1 |     9 |    41 ||    51
       Iron Shot         |       |       |       |    23 ||    23
       Iskenderun's Myst |       |       |       |     1 ||     1
Evoke: Wand              |       |       |     3 |     9 ||    12
       Lightning rod     |       |       |       |     7 ||     7
  Use: Scroll            |       |     3 |    20 |    10 ||    33
       Potion            |       |       |     2 |     3 ||     5
Armor: Robe              |    11 |    10 |    28 |    62 ||   111
       Troll leather arm |       |       |       |    59 ||    59
Dodge: Dodged            |    22 |    25 |    35 |   200 ||   282

Table legend: (Time is in decaauts)
 A = Elapsed time spent in this place.
 B = Non-inter-level travel time spent in this place.
 C = Inter-level travel time spent in this place.
 D = Time resting spent in this place.
 E = Time spent auto-exploring this place.
 F = Levels seen in this place.
 G = Mean time per level.
                   A        B        C        D        E       F      G
               +--------+--------+--------+--------+--------+-----+--------+
         Total |  13489 |  12637 |    852 |   3184 |   5824 |  16 |  843.1 |
       Dungeon |  10689 |   9854 |    835 |   2492 |   5093 |  10 | 1068.9 |
        Temple |     70 |     70 |      0 |     32 |      0 |   1 |   70.0 |
          Lair |   1404 |   1387 |     17 |    347 |    668 |   2 |  702.0 |
       Ossuary |    333 |    333 |      0 |     79 |      0 |   1 |  333.0 |
        Bailey |    698 |    698 |      0 |    160 |     62 |   1 |  698.0 |
      Gauntlet |    292 |    292 |      0 |     74 |      0 |   1 |  292.0 |
               +--------+--------+--------+--------+--------+-----+--------+

Top non-repeatable levels by time:
     D:8: 1762 daAuts
     D:1: 1351 daAuts
     D:3: 1251 daAuts
     D:7: 1205 daAuts
  Lair:1: 1094 daAuts
     D:9: 1024 daAuts
     D:5: 1015 daAuts
    D:10: 921 daAuts
     D:4: 891 daAuts
     D:6: 726 daAuts
  Bailey: 698 daAuts
     D:2: 538 daAuts
 Ossuary: 333 daAuts
  Lair:2: 310 daAuts
Gauntlet: 292 daAuts
